 Dungeon Crawl Stone Soup version 0.30-a0-364-gf6b3ef1049 (webtiles) character file.

Game seed: 15014602633729108710

8135 purpskrrrp the Cleaver (level 11, -11/71 HPs)
             Began as a Gargoyle Fighter on Nov 14, 2022.
             Was a Follower of Uskayaw.
             Mangled by Joseph
             ... wielding a +0 quarterstaff
              (13 damage)
             ... on level 9 of the Dungeon.
             The game lasted 00:17:14 (8135 turns).

purpskrrrp the Cleaver (Gargoyle Fighter)           Turns: 8135, Time: 00:17:15

Health: -11/71     AC: 26    Str: 25    XL:     11   Next: 26%
Magic:  4/12       EV: 10    Int:  8    God:    Uskayaw [*.....]
Gold:   548        SH:  0    Dex: 15    Spells: 10/10 levels left

rFire   . . .      SeeInvis .    a - +1 war axe
rCold   . . .      Faith    .    c - +0 buckler
rNeg    + . .      Spirit   .    m - +2 swamp dragon scales
rPois   ∞          Reflect  .    (no helmet)
rElec   +          Harm     .    q - +0 cloak
rCorr   .          Rampage  .    C - +0 pair of gloves
Will    .....                    (no boots)
Stlth   ..........               (no amulet)
HPRegen 0.31/turn                t - +4 ring of protection
MPRegen 0.13/turn                j - +6 ring of dexterity

@: confused, flying
A: sickness immunity, AC +8, negative energy resistance 1, electricity
resistance, torment resistance 1, petrification resistance
a: Renounce Religion, Stomp


You were on level 9 of the Dungeon.
You worshipped Uskayaw.
Uskayaw was noncommittal.
You visited 1 branch of the dungeon, and saw 9 of its levels.
You also visited: Sewer.

You collected 548 gold pieces.

Inventory:

Hand Weapons
 a - a +1 war axe (weapon)
 h - a +4 arbalest of freezing
 s - a +4 quarterstaff of chaos
Missiles
 A - a throwing net
 B - a curare-tipped dart
Armour
 b - a +0 scale mail
 c - a +0 buckler (worn)
 m - +2 swamp dragon scales (worn)
 q - a +0 cloak (worn)
 r - a +0 pair of gloves
 C - a +0 pair of gloves (worn)
Jewellery
 e - an amulet of magic regeneration
 f - a ring of protection from cold
 i - a ring of wizardry
 j - a +6 ring of dexterity (right hand)
 n - a ring of ice
 t - a +4 ring of protection (left hand)
 z - a +6 ring of dexterity
Wands
 d - a wand of roots (8)
 D - a wand of acid (8)
Scrolls
 l - 2 scrolls of teleportation
 v - a scroll of summoning
 x - 4 scrolls of vulnerability
Potions
 g - 2 potions of degeneration
 k - 2 potions of lignification
 o - 2 potions of brilliance
 p - a potion of haste
Miscellaneous
 u - a box of beasts


   Skills:
 + Level 9.1 Fighting
 + Level 9.9 Axes
 + Level 9.1 Armour
 + Level 9.1 Shields
 + Level 2.0 Invocations


You had 10 spell levels left.
You didn't know any spells.
Your spell library contained the following spells:

 Spells                   Type           Power      Damage    Failure   Level
 Magic Dart               Conj           0%         1d3       58%         1
 Searing Ray              Conj           0%         2d4       75%         2
 Dazzling Flash           Conj/Hex       0%         N/A       92%         3
 Gell's Gravitas          Tloc           0%         N/A       92%         3
 Portal Projectile        Hex/Tloc       0%         N/A       92%         3
 Teleport Other           Tloc           0%         N/A       92%         3
 Tukima's Dance           Hex            0%         N/A       92%         3
 Fulminant Prism          Conj/Hex       0%         3d5       100%        4
 Iskenderun's Mystic Bla  Conj/Tloc      0%         2d3       100%        4
 Blade Hands              Tmut           0%         N/A       100%        5
 Dispersal                Tloc           0%         N/A       100%        6
 Starburst                Conj/Fire      0%         6d3       100%        6


Dungeon Overview and Level Annotations

Branches:
Dungeon (9/15)             Temple (0/1) D:4            Lair (0/5) D:8
  Sewer (visited)
    Orc: D:9-12

Altars:
Cheibriados
Dithmenos
Fedhas
Qazlal
Sif Muna
Uskayaw
Zin

Shops:
D:3 *

Annotations:
D:9 Joseph


Innate Abilities, Weirdness & Mutations

You are immune to sickness and miasma.
Your stone body is resilient. (AC +8)
You are immune to poison.
You resist negative energy. (rN+)
You are resistant to electric shocks. (rElec)
You are resistant to unholy torment.
You are immune to petrification.


Message History

You can no longer pass through a line of other dancers.
A cyclops comes into view.
Something hits you but does no damage. The orc hits you but does no damage.
Joseph shouts, "Intruder!"
Joseph closely misses you.
You can now pass through a line of other dancers.
You hit Joseph but do no damage.
Joseph is severely wounded.
You hit the orc but do no damage. You barely miss something.
The orc barely misses you. Something hits you but does no damage.
Joseph hits you but does no damage.
You hit Joseph.
Joseph is severely wounded.
You closely miss something. You closely miss the orc.
The orc barely misses you. Something hits you but does no damage.
Joseph barely misses you.
You stomp with the beat, sending a shockwave through the revellers around you!
You kill the orc!
Joseph is almost dead.
You can no longer pass through a line of other dancers.
You hear some strange, mumbled words.
You are confused.
Joseph hits you with a +0 quarterstaff.
* * * LOW HITPOINT WARNING * * *
You closely miss Joseph.
Joseph is almost dead.
You completely miss something. Something hits you but does no damage.
Joseph hits you but does no damage.
You miss Joseph.
Joseph is almost dead.
You hit something.
Reactivating autopickup.
You feel a bit more experienced.
The cyclops throws a large rock.
The large rock hits you.
* * * LOW HITPOINT WARNING * * *
Joseph hits you but does no damage.
It was a potion of flight.
You feel very buoyant.
You fly up into the air.
Joseph hits you with a +0 quarterstaff!
You die...

#....................).
#......................
#..........$...........
#.........######.......
#.........# #.......
#.........# #.......
#.........# #.......
#.........####
#...).@.......
#....))@..####
#.........# #.........#
#.....C.!...
#............
#.............
#.............


You could see Joseph and a cyclops.

Vanquished Creatures
  A centaur warrior (D:8)
  2 two-headed ogres
  Pikel (D:9)
  An unseen horror (D:8)
  Maggie (D:7)
  A hornet (D:8)
  A wraith (D:9)
  4 yaks (D:8)
  5 wyverns (D:8)
  3 steam dragons (D:8)
  2 acid dragons (D:8)
  6 water moccasins
  2 ice beasts
  A black bear (D:5)
  An orc warrior (D:9)
  4 sky beasts
  2 ogres
  3 centaurs
  2 phantoms
  4 lemures (D:9)
  5 bullfrogs
  A kobold brigand (D:9)
  2 necrophages
  2 scorpions
  A howler monkey (D:8)
  4 hounds
  2 orc priests
  Crazy Yiuf (D:3)
  A gnoll bouda (D:5)
  An iron imp (D:4)
  An iguana (D:5)
  10 orc wizards
  3 gnolls (D:5)
  7 adders
  A river rat (D:3)
  A shadow imp (D:3)
  An ufetubus (D:6)
  2 worms
  8 dart slugs
  30 orcs
  2 bats
  18 endoplasms
  17 giant cockroaches
  7 goblins
  5 hobgoblins
  7 quokkas
  18 ball pythons
  10 frilled lizards
  10 kobolds
  7 rats
232 creatures vanquished.

Vanquished Creatures (others)
  2 orc wizards
  An orc (D:8)
  A fungus (D:8)
  13 plants (D:8)
17 creatures vanquished.

Grand Total: 249 creatures vanquished

Notes
Turn   | Place    | Note
-------+----------+-------------------------------------------
     0 | D:1      | purpskrrrp the Gargoyle Fighter began the quest for the
                  | Orb.
     0 | D:1      | Reached XP level 1. HP: 14/14 MP: 1/1
    77 | D:1      | Reached XP level 2. HP: 19/19 MP: 2/2
   877 | D:2      | Reached XP level 3. HP: 23/23 MP: 3/3
  1415 | D:3      | Found a shimmering blue altar of Sif Muna.
  1458 | D:3      | Reached XP level 4. HP: 28/28 MP: 4/4
  1470 | D:3      | Noticed a water moccasin
  1480 | D:3      | Killed a water moccasin
  1481 | D:3      | Reached skill level 5 in Axes
  1481 | D:3      | Reached XP level 5. HP: 22/32 MP: 5/5
  1606 | D:3      | Reached XP level 6. HP: 23/37 MP: 6/6
  1702 | D:3      | Found a glowing drain.
  1716 | Sewer    | Entered a sewer
  2057 | Sewer    | Reached XP level 7. HP: 20/41 MP: 7/7
  2273 | D:3      | Found a shadowy altar of Dithmenos.
  2385 | D:3      | Found Zin's Purification Station.
  2388 | D:3      | Found a glowing silver altar of Zin.
  2435 | D:3      | Found a runed translucent door.
  2436 | D:3      | Noticed Crazy Yiuf
  2897 | D:3      | Killed Crazy Yiuf
  3164 | D:4      | Found a snail-covered altar of Cheibriados.
  3223 | D:4      | Found a staircase to the Ecumenical Temple.
  3347 | D:4      | Found a blossoming altar of Fedhas.
  3697 | D:4      | Found a hide-covered altar of Uskayaw.
  3726 | D:4      | Became a worshipper of Uskayaw the Reveller
  3993 | D:5      | Entered Level 5 of the Dungeon
  3998 | D:5      | Reached * piety under Uskayaw
  4064 | D:5      | Reached XP level 8. HP: 31/48 MP: 8/8
  4282 | D:5      | Reached ** piety under Uskayaw
  4313 | D:5      | Reached *** piety under Uskayaw
  4323 | D:5      | Reached **** piety under Uskayaw
  4720 | D:5      | Found a stormy altar of Qazlal.
  4734 | D:5      | Reached skill level 5 in Fighting
  4734 | D:5      | Reached skill level 5 in Armour
  4734 | D:5      | Reached skill level 5 in Shields
  5171 | D:6      | You fall into a shaft and drop 1 floor!
  5203 | D:7      | Reached XP level 9. HP: 55/55 MP: 9/9
  5584 | D:7      | Noticed Maggie
  5609 | D:7      | Killed Maggie
  6156 | D:8      | Noticed a centaur warrior
  6157 | D:8      | Noticed a two-headed ogre
  6197 | D:8      | Killed a centaur warrior
  6314 | D:8      | Reached XP level 10. HP: 16/63 MP: 10/10
  6639 | D:8      | Killed a two-headed ogre
  6854 | D:8      | Reached ***** piety under Uskayaw
  6869 | D:8      | Reached ****** piety under Uskayaw
  6914 | D:8      | Found a staircase to the Lair.
  7330 | D:8      | Killed an unseen horror
  7331 | D:8      | Reached XP level 11. HP: 28/69 MP: 11/11
  8060 | D:9      | Noticed Pikel
  8075 | D:9      | Killed Pikel
  8076 | D:9      | Reached skill level 1 in Invocations
  8089 | D:9      | Noticed a two-headed ogre
  8101 | D:9      | Killed a two-headed ogre
  8113 | D:9      | Noticed Joseph
  8129 | D:9      | Noticed a cyclops
  8134 | D:9      | HP: 1/71 [cyclops/large rock (5)]
  8135 | D:9      | Mangled by Joseph

Illustrated notes

Levels and vault maps discovered:
D:1:      tarquinn_simple_flora_water_f, layout_basic, serial_corexii_hall,
          corexii_hall_statues_l, corexii_hall_statues_t,
          chequers_hall_statues_y, corexii_hall_statues_i
D:2:      layout_loops_cross, amethyst_killhole, grunt_ministairs_2,
          hangedman_glass_teeth
D:3:      layout_rooms, nicolae_dithmenos_the_darkroom, zin_purify,
          mainiacjoe_overflow_boulevard, portal_sewer_entry_e, minmay_between,
          uniq_crazy_yiuf_cottage
D:4:      layout_gridville, mainiacjoe_overflow_concentric_impassable,
          mainiacjoe_overflow_24_doors, slow_altar_1,
          minmay_temple_entry_drinking_statues
D:5:      layout_loops_corners, nicolae_qazlal_eye_of_the_storm
D:6:      layout_rooms, eino_tiny_chamber, uniq_blork_the_orc
D:7:      layout_basic, st_stairs_1, uniq_maggie
D:8:      layout_loops_cross, minmay_lair_entry_grove, serial_aquarium,
          aquarium_bridge_long_joined [aquarium_subvault_wall,
          aquarium_subvault_bridge, aquarium_subvault_window,
          aquarium_subvault_balcony, aquarium_subvault_window,
          aquarium_subvault_bridge], aquarium_bridge_straight
          [aquarium_subvault_bridge, aquarium_subvault_wall,
          aquarium_subvault_bridge, aquarium_subvault_window],
          aquarium_window_corridor_2, aquarium_window_2, aquarium_view_2e,
          aquarium_pool_side, minmay_radiant
D:9:      layout_long_grid, old_standard_altar, uniq_pikel, uniq_erolcha,
          uniq_joseph

Skill      XL: |  1  2  3  4  5  6  7  8  9 10 11 |
---------------+----------------------------------+-----
Axes           | 2 3 5 6 7 8 9 |  9.9
Armour         | 4 5 7 8 9 |  9.1
Shields        | 4 5 7 8 9 |  9.1
Fighting       | 4 5 7 8 9 |  9.1
Invocations    | 2 |  2.0

Action                   |  1- 3 |  4- 6 |  7- 9 | 10-12 || total
-------------------------+-------+-------+-------+-------++-------
Melee: War axe           |    68 |   215 |   293 |   208 ||   784
Throw: Dart              |       |       |     6 |     2 ||     8
       Throwing net      |       |       |     1 |       ||     1
Invok: Stomp             |       |       |     2 |     5 ||     7
  Use: Scroll            |     3 |     4 |     9 |     1 ||    17
       Potion            |       |     2 |     4 |     2 ||     8
 Stab: Paralysed         |       |       |     5 |    10 ||    15
       Invisible         |       |       |     4 |       ||     4
Armor: Scale mail        |    40 |   123 |   159 |       ||   322
       Swamp dragon scal |       |       |    45 |   147 ||   192
Dodge: Dodged            |    28 |   101 |   137 |   100 ||   366
Block: Buckler           |    12 |    68 |    78 |    58 ||   216

Table legend: (Time is in decaauts)
 A = Elapsed time spent in this place.
 B = Non-inter-level travel time spent in this place.
 C = Inter-level travel time spent in this place.
 D = Time resting spent in this place.
 E = Time spent auto-exploring this place.
 F = Levels seen in this place.
 G = Mean time per level.
                   A        B        C        D        E       F      G
               +--------+--------+--------+--------+--------+-----+--------+
         Total |   8322 |   7820 |    502 |    834 |   5224 |  10 |  832.2 |
       Dungeon |   7792 |   7290 |    502 |    834 |   5013 |   9 |  865.8 |
         Sewer |    529 |    529 |      0 |      0 |    210 |   1 |  529.0 |
               +--------+--------+--------+--------+--------+-----+--------+

Top non-repeatable levels by time:
     D:8: 1843 daAuts
     D:3: 1199 daAuts
     D:5: 1067 daAuts
     D:7: 1019 daAuts
     D:4: 871 daAuts
     D:1: 829 daAuts
     D:2: 725 daAuts
   Sewer: 529 daAuts
     D:6: 128 daAuts
     D:9: 108 daAuts
